 Dungeon Crawl Stone Soup version 0.19-a0-1225-gf887c1c (webtiles) character file.

22989 Zajzajer the Thaumaturge (level 13, -5/76 HPs)
             Began as a Gargoyle Earth Elementalist on Aug 25, 2016.
             Was an Elder of Vehumet.
             Slain by an eight-headed hydra (9 damage)
             ... on level 4 of the Lair of Beasts.
             The game lasted 01:06:07 (17179 turns).

Zajzajer the Thaumaturge (GrEE)                    Turns: 17179, Time: 01:06:08

Health: -5/76      AC: 23    Str: 14    XL:     13   Next: 3%
Magic:  16/30      EV: 17    Int: 19    God:    Vehumet [****..]
Gold:   638        SH:  0    Dex: 10    Spells: 4 memorised, 25 levels left

rFire  . . .     SeeInvis .     F - +8 mace (freeze)
rCold  . . .     Gourm    .     P - +0 troll leather armour
rNeg   + . .     Faith    .     (no shield)
rPois  ∞         Spirit   .     s - +1 helmet
rElec  +         Dismiss  .     k - +1 cloak
rCorr  .         Reflect  .     f - +0 pair of gloves
MR     .....     Harm     .     (no boots)
Stlth  ++........               (no amulet)
                                w - +3 ring of evasion
                                u - +3 ring of protection

@: frozen, very slow
A: negative energy resistance 1, electricity resistance, unbreathing,
petrification resistance, rot immunity, AC +9
a: Renounce Religion


You were on level 4 of the Lair of Beasts.
You worshipped Vehumet.
Vehumet was greatly pleased with you.
You were very hungry.

You visited 3 branches of the dungeon, and saw 14 of its levels.

You collected 638 gold pieces.

Inventory:

Hand Weapons
 F - a +8 mace of freezing (weapon)
Missiles
 b - 232 stones (quivered)
Armour
 c - a +0 robe
 f - a +0 pair of gloves (worn)
 k - a +1 cloak (worn)
 m - the +10 scale mail of Etuuwkaz {Str+3, unknown}
   (You found it on level 2 of the Lair of Beasts)

   It affects your strength (+3).
 s - a +1 helmet (worn)
 y - a +3 leather armour
 P - a +0 troll leather armour (worn)
Magical Staves
 q - an uncursed staff of energy
Jewellery
 r - an uncursed ring of flight
 u - a +3 ring of protection (left hand)
 w - a +3 ring of evasion (right hand)
 V - an uncursed ring of magical power
Wands
 n - a wand of teleportation (5/9)
 A - a wand of slowing (24/48)
 J - a wand of enslavement (0/24)
 O - a wand of acid (3/15)
 Q - a wand of paralysis (14/24)
Scrolls
 g - 6 scrolls of remove curse
 i - 3 scrolls of recharging
 v - 4 scrolls of fog
 x - 9 scrolls of identify
 z - 3 scrolls of blinking
 C - a scroll of immolation
 E - 4 scrolls of amnesia
 N - a scroll of teleportation
 S - 2 scrolls of fear
Potions
 a - 5 potions of lignification
 l - 5 potions of curing
 p - a potion of agility
 t - a potion of haste
 B - 2 potions of brilliance
 D - 2 potions of resistance
 H - a potion of flight
 I - 2 potions of ambrosia
 T - a potion of mutation
Books
 e - a book of Geomancy

   Spells                             Type                      Level
   a - Sandblast                      Earth                        1
   b - Passwall                       Transmutation/Earth          2
   c - Stone Arrow                    Conjuration/Earth            3
   d - Petrify                        Transmutation/Earth          4
   e - Lee's Rapid Deconstruction     Earth                        5
 L - a Fen Folio

   Spells                             Type                      Level
   a - Corpse Rot                     Necromancy                   2
   b - Stone Arrow                    Conjuration/Earth            3
   c - Leda's Liquefaction            Hexes/Earth                  4
   d - Summon Forest                  Summoning/Translocation      5
   e - Hydra Form                     Transmutation                6
   f - Summon Hydra                   Summoning                    7
Comestibles
 d - 10 bread rations
 h - a slice of pizza
 j - 7 beef jerkies
 o - 6 meat rations
 G - a royal jelly
 R - 14 fruits


   Skills:
 + Level 7.0 Fighting
 + Level 7.0 Maces & Flails
 + Level 6.9 Armour
 + Level 5.8 Dodging
 - Level 2.1 Stealth
 * Level 13.1 Spellcasting
 + Level 7.2 Conjurations
   Level 0.7 Transmutations
 + Level 9.3 Earth Magic


You had 25 spell levels left.
You knew the following spells:

 Your Spells              Type           Power        Failure   Level  Hunger
a - Sandblast             Erth           #####.       1%          1    None
b - Stone Arrow           Conj/Erth      #####.       1%          3    None
c - Lee's Rapid Deconstr  Erth           #####.....   1%          5    ####...
d - Throw Icicle          Conj/Ice       ####....     4%          4    #......


Dungeon Overview and Level Annotations

Branches:
Dungeon (9/15)             Temple (1/1) D:7            Lair (4/6) D:8
 Shoals (0/4) Lair:2          Orc (0/2) D:9
  Snake: Lair:2-4    Spider: Lair:2-4

Altars:
Ashenzari
Cheibriados
Dithmenos
Elyvilon
Fedhas
Gozag
Hepliaklqana
Kikubaaqudgha
Makhleb
Nemelex Xobeh
Okawaru
Qazlal
Ru
Sif Muna
Trog
Uskayaw
Vehumet
Xom
Yredelemnul
Zin
The Shining One

Shops:
D:8 !=}==


Innate Abilities, Weirdness & Mutations

You are resistant to torment.
Your stone body is resilient. (AC +9)
You are immune to poison.
You resist negative energy. (rN+)
You are resistant to electric shocks. (rElec)
You can survive without breathing.
You are immune to petrification.
You are immune to rotting.


Message History

The eight-headed hydra barely misses you.
The eight-headed hydra closely misses you.
Unknown command.
Casting: Stone Arrow
Confirm with . or Enter, or press ? or * to list all spells.
Aiming: Stone Arrow
Press: ? - help, Shift-Dir - straight line, f/p - eight-headed hydra
Aim: an eight-headed hydra (moderately wounded)
The stone arrow hits the eight-headed hydra.
The eight-headed hydra is heavily wounded.
The rime drake closely misses you.
The eight-headed hydra closely misses you.
The eight-headed hydra bites you. The eight-headed hydra bites you!
* * * LOW HITPOINT WARNING * * *
The eight-headed hydra barely misses you.
The eight-headed hydra bites you!
* * * LOW HITPOINT WARNING * * *
The eight-headed hydra bites you but does no damage. x2
The eight-headed hydra bites you!
You die...

##......................
..................##.#..
.#.................###..
#.#...........#....###..
...........(.......#....
.....≈≈†..............≈≈
.....≈≈≈...............)
.....≈≈≈............P≈≈≈
.......@...........#.P≈≈
.#..#.kD.......#####..≈≈
...........≈#..# #..≈≈
...!........≈..# #..≈≈
...........#≈#.. #...≈
............... #...≈
............... ..#PP.
............... .P####
.........≈#....


You could see an eight-headed hydra and a rime drake.

Vanquished Creatures
  Rupert (Lair:4)
  A hydra (Lair:2)
  The ghost of Deemzul the Carver, a novice OpBe of Trog (D:7)
  A siren (Lair:2)
  4 black mambas
  Psyche (D:8)
  5 komodo dragons
  10 trolls (D:9)
  Prince Ribbit (D:7)
  The ghost of Athtar the Changer, an amateur MfTm (D:5)
  2 wyverns
  7 spriggans (D:6)
  23 yaks
  2 steam dragons (D:9)
  A basilisk (Lair:3)
  2 hungry ghosts
  A hippogriff (Lair:1)
  Duvessa (D:7)
  6 porcupines
  4 water moccasins
  9 orc warriors
  12 ice beasts
  3 sky beasts
  2 black bears
  A wasp (D:9)
  A necrophage (D:9)
  An eye of draining (D:9)
  5 ogres
  4 centaurs
  5 wolves (Lair:3)
  The ghost of Athtar the Insei, an amateur MfTm (D:3)
  3 crocodiles
  12 giant frogs
  Dowan (D:7)
  A water moccasin zombie (D:7)
  5 scorpions
  9 wights
  6 electric eels (D:9)
  A howler monkey (D:9)
  3 crimson imps
  A quasit (D:6)
  A centaur zombie (D:6)
  A giant frog zombie (D:7)
  5 hounds
  3 jellies
  2 giant frog skeletons
  9 orc priests
  3 orc wizards
  8 iguanas
  6 worker ants
  A killer bee zombie (D:6)
  5 sheep
  5 hound skeletons
  4 gnolls (D:5)
  A howler monkey skeleton (D:6)
  5 adders
  18 river rats
  2 shadow imps (D:7)
  An ooze (D:6)
  An adder zombie (D:5)
  2 adder skeletons
  A worm (D:3)
  2 giant geckos
  28 orcs
  6 giant cockroaches
  3 goblins
  6 hobgoblins
  10 jackals
  16 kobolds
  4 quokkas
  3 ball pythons
  11 bats
  4 giant newts
  A jackal skeleton (D:6)
  A quokka skeleton (D:8)
  13 rats
353 creatures vanquished.

Vanquished Creatures (others)
  A yak (D:9)
  13 fungi
  3 plants
17 creatures vanquished.

Grand Total: 370 creatures vanquished

Notes
Turn   | Place    | Note
-------+----------+-------------------------------------------
     0 | D:1      | Zajzajer the Gargoyle Earth Elementalist began the quest for the Orb.
     0 | D:1      | Reached XP level 1. HP: 10/10 MP: 3/3
   139 | D:1      | Reached XP level 2. HP: 15/15 MP: 5/5
   875 | D:2      | Reached XP level 3. HP: 19/19 MP: 5/7
   880 | D:2      | Learned a level 3 spell: Stone Arrow
  1303 | D:2      | Reached skill level 10 in Spellcasting
  1303 | D:2      | Reached XP level 4. HP: 24/24 MP: 8/16
  2049 | D:3      | Found a faded altar of an unknown god.
  2348 | D:3      | Noticed Athtar's ghost (amateur MfTm)
  2357 | D:3      | Killed Athtar's ghost
  2357 | D:3      | Reached XP level 5. HP: 27/28 MP: 8/17
  2720 | D:4      | Reached skill level 1 in Conjurations
  2720 | D:4      | Reached XP level 6. HP: 33/33 MP: 12/19
  3101 | D:5      | Entered Level 5 of the Dungeon
  3110 | D:5      | Noticed a sky beast
  3140 | D:5      | Killed a sky beast
  3140 | D:5      | Reached skill level 1 in Maces & Flails
  3140 | D:5      | Reached skill level 1 in Armour
  3235 | D:5      | Reached skill level 1 in Fighting
  3272 | D:5      | Reached XP level 7. HP: 25/38 MP: 13/20
  3654 | D:5      | Learned a level 5 spell: Lee's Rapid Deconstruction
  3847 | D:5      | Noticed Athtar's ghost (amateur MfTm)
  3863 | D:5      | Killed Athtar's ghost
  3863 | D:5      | Reached XP level 8. HP: 36/44 MP: 9/22
  3865 | D:5      | Reached skill level 5 in Earth Magic
  3955 | D:5      | Found an iron altar of Okawaru.
  4982 | D:6      | Reached XP level 9. HP: 40/49 MP: 23/23
  5352 | D:6      | Reached skill level 11 in Spellcasting
  5961 | D:6      | Reached XP level 10. HP: 41/56 MP: 25/25
  6108 | D:7      | Found a stormy altar of Qazlal.
  6354 | D:7      | Noticed Duvessa
  6354 | D:7      | Noticed Dowan
  6361 | D:7      | Killed Duvessa
  6373 | D:7      | Killed Dowan
  6380 | D:7      | Noticed Deemzul's ghost (novice OpBe)
  6384 | D:7      | Noticed Prince Ribbit
  6725 | D:7      | Killed Deemzul's ghost
  6957 | D:7      | Killed Prince Ribbit
  7259 | D:7      | Found a glowing silver altar of Zin.
  7536 | D:7      | Found a staircase to the Ecumenical Temple.
  7541 | Temple   | Entered the Ecumenical Temple
  7635 | Temple   | Became a worshipper of Vehumet
  8245 | D:8      | Found Kathrayri's Jewellery Emporium.
  8300 | D:8      | Noticed Psyche
  8354 | D:8      | Found Isux's Jewellery Shoppe.
  8378 | D:8      | Found Eluetoll's Gadget Emporium.
  8489 | D:8      | Reached * piety under Vehumet
  8489 | D:8      | Offered knowledge of Magic Dart by Vehumet.
  8649 | D:8      | Found a staircase to the Lair.
  8681 | D:8      | Found Ufoy's Distillery.
  8706 | D:8      | Reached skill level 5 in Armour
  8887 | D:8      | Killed Psyche
  8887 | D:8      | Reached XP level 11. HP: 62/62 MP: 13/26
  8959 | D:8      | Found a bloodstained altar of Trog.
  9042 | D:8      | Found Laesch's Jewellery Emporium.
  9662 | D:9      | Found a staircase to the Orcish Mines.
  9935 | D:9      | Reached ** piety under Vehumet
  9948 | D:9      | Offered knowledge of Throw Frost by Vehumet.
  9948 | D:9      | Reached skill level 5 in Maces & Flails
  9948 | D:9      | Reached skill level 5 in Conjurations
 10434 | D:9      | Reached skill level 5 in Fighting
 10488 | D:9      | Reached skill level 12 in Spellcasting
 11223 | D:9      | Offered knowledge of Dazzling Spray by Vehumet.
 12145 | D:9      | Reached *** piety under Vehumet
 12472 | Lair:1   | Entered Level 1 of the Lair of Beasts
 12486 | D:8      | Reached skill level 5 in Dodging
 12736 | Lair:1   | Reached XP level 12. HP: 54/69 MP: 28/28
 13809 | Lair:1   | Offered knowledge of Static Discharge by Vehumet.
 14761 | Lair:2   | Got a twisted scale mail
 14857 | Lair:2   | Noticed a six-headed hydra
 14861 | Lair:2   | Killed a six-headed hydra
 15085 | Lair:2   | Found a staircase to the Shoals.
 16155 | Lair:3   | Reached **** piety under Vehumet
 16168 | Lair:3   | Found a frozen archway.
 16637 | Lair:3   | Offered knowledge of Throw Icicle by Vehumet.
 16699 | Lair:3   | Learned a level 4 spell: Throw Icicle
 17073 | Lair:4   | Noticed Rupert
 17117 | Lair:4   | Killed Rupert
 17117 | Lair:4   | Reached skill level 13 in Spellcasting
 17117 | Lair:4   | Reached XP level 13. HP: 62/76 MP: 7/30
 17179 | Lair:4   | Slain by an eight-headed hydra

Vault maps used:
D:1:      zaba_arrival_water
D:3:      ecumenical_altar_1
D:4:      first_bread
D:5:      okawaru_metal_pillars_1_2
D:6:      kb_forest_paths
D:7:      basic_altar, grunt_ogre_cave, grunt_qazlal_clouds, uniq_duvessa,
          uniq_prince_ribbit1
D:8:      grunt_lair_entry_orc_guard_hut, serial_shops, nicolae_shop_crystal,
          shop, nicolae_shop_behind_doors, shop, nicolae_shop_trees,
          trog_butcher_becter, uniq_psyche
D:9:      lemuel_troll_bridge, david_orc_3, serial_bayou_pond_c
Temple:   kilobyte_greek_temple
Lair:1:   serial_bayou_shore_a, lemuel_fruit_tree
Lair:2:   minmay_shoals_entry_lonely_mermaid, bh_autumn_forest_stairs,
          serial_bayou_shore_b
Lair:3:   portal_ice_cave_entry_ice_beasts, nicolae_lair_grove_arrangements
Lair:4:   spider_nest_entry_webs, lab_entry_generic,
          infiniplex_staircase_pool_2, uniq_snorg, uniq_rupert

Skill      XL: |  1  2  3  4  5  6  7  8  9 10 11 12 |
---------------+-------------------------------------+-----
Earth Magic    | 4 5 6 7 8 9 |  9.3
Spellcasting   | 10 11 12 13 | 13.1
Conjurations   | 1 2 3 4 5 7 |  7.2
Maces & Flails | 1 2 3 4 5 7 |  7.0
Armour         | 1 2 3 5 6 |  6.9
Fighting       | 1 2 3 4 5 7 |  7.0
Dodging        | 2 3 4 5 |  5.8
Stealth        | |  2.1
Transmutations | |  0.7

Action                   |  1- 3 |  4- 6 |  7- 9 | 10-12 | 13-15 || total
-------------------------+-------+-------+-------+-------+-------++-------
Melee: Short sword       |    35 |       |       |       |       ||    35
       Dagger            |       |    19 |       |       |       ||    19
       Mace              |       |       |   152 |   627 |     7 ||   786
       Staff             |       |       |       |   106 |       ||   106
 Cast: Sandblast         |    32 |    68 |   102 |     4 |       ||   206
       Stone Arrow       |       |       |    24 |   235 |     2 ||   261
       Lee's Rapid Decon |       |       |     2 |    15 |       ||    17
       Throw Icicle      |       |       |       |     4 |       ||     4
Evoke: Wand              |       |       |       |    14 |       ||    14
       Staff of energy   |       |       |       |     1 |       ||     1
  Use: Scroll            |     5 |    12 |     4 |    16 |     1 ||    38
       Potion            |     1 |       |       |     5 |       ||     6
 Stab: Sleeping          |       |       |     1 |     5 |       ||     6
  Eat: Chunk             |     1 |     6 |     9 |    35 |       ||    51
       Beef jerky        |       |       |       |     2 |       ||     2
       Pizza             |       |       |       |     1 |       ||     1
Armor: Robe              |     9 |    38 |   105 |   341 |       ||   493
       Troll leather arm |       |       |       |    46 |    13 ||    59
Dodge: Dodged            |    33 |    53 |   229 |   840 |     9 ||  1164
